[Event "Friday 06 April Rapid Engine Tour 12+1 Rounds 9 Starts 1600ST"]
[Site "Infinity Chess"]
[Date "2018.4.6"]
[Round "1"]
[White "SkyPilot"]
[Black "Dovahkiin"]
[Result "1-0"]
[ECO "C50"]
[WhiteElo "2470"]
[BlackElo "2374"]
[WhiteEngine "stockfish_x64_bmi2_2018_03_30_CTG"]
[BlackEngine "corchess_x64_modern_CTG"]
[EventType "Swiss"]
[WhiteTeam ""]
[BlackTeam ""]
[PlyCount "226"]
[TimeControl "720+1"]

1. e4 e5 2. Nf3 Nc6 3. Bc4 Bc5 4. O-O Nf6 5. d3 d6 6. c3 O-O 7. h3 a5 8. Nbd2 h6 
9. Re1 Be6 10. a4 Bxc4 11. Nxc4 Re8 12. Be3 Bxe3 13. Nxe3 b6 14. Qb3 Qc8 
15. Rad1 Ne7 16. Qc2 Ng6 17. Kh2 Nf4 18. b3 Qb7 19. c4 Ne6 20. Nf5 Nc5 
21. Kg1 Rad8 22. Ng3 g6 23. Ne2 c6 24. Nc3 Kh7 25. d4 exd4 26. Nxd4 Nh5 
27. f3 Qc7 28. Re2 Rc8 29. Red2 Qe7 30. Nde2 Rcd8 31. g3 Qd7 32. Kg2 Qc7 
33. Rg1 Ng7 34. Nd4 Nh5 35. Kh2 Na6 36. Re2 Rd7 37. Qb2 Nc5 38. Rd2 Nf6 
39. Rgd1 Rdd8 40. Nde2 Nh5 41. Qc2 Qe7 42. Kg2 Qe5 43. Rf1 Qe7 44. Rdd1 Ng7 
45. Nd4 Rc8 46. Rd2 Nh5 47. Rfd1 Qe5 48. Nde2 Rcd8 49. Re1 Qe7 50. Rdd1 Qc7 
51. Rf1 Na6 52. Rd2 Nc5 53. Kh2 Ng7 54. Nd4 Nh5 55. Rg2 Rc8 56. Rd1 Ng7 
57. h4 Nh5 58. Qd2 Rcd8 59. Qb2 Ng7 60. Qc2 Nh5 61. Rgg1 Ng7 62. Kg2 Nh5 
63. Qf2 Re7 64. Rh1 Rde8 65. Kg1 Re5 66. Rh2 Nf6 67. g4 h5 68. g5 Nfd7 
69. Qg3 R5e7 70. Nce2 Ne5 71. Nf4 Rd8 72. Rhd2 Qd7 73. Re2 Kg8 74. Kg2 Rf8 
75. Red2 Rd8 76. Re1 Qb7 77. Rdd1 Qc7 78. Re2 Ree8 79. Nh3 Ned7 80. Nf4 Nf8 
81. Red2 Nfd7 82. Nf5 Ne5 83. Nd4 Qb7 84. Re2 Qd7 85. Red2 Qb7 86. Rc1 Qd7 
87. Re1 Rf8 88. Nh3 Rde8 89. Nf2 Re7 90. Re3 Rfe8 91. Rde2 Qc8 92. f4 Ned7 
93. Qf3 Qc7 94. Rd2 Rf8 95. Ree2 Rc8 96. Nh1 Rf8 97. Ng3 Rfe8 98. Kh2 Rf8 
99. Ndf5 Re6 100. Nh6+ Kh8 101. Nxh5 f6 102. Ng3 fxg5 103. hxg5 Ne5 
104. Qe3 Ned3 105. Rxd3 Nxd3 106. Qxd3 Rxf4 107. Qd2 Rh4+ 108. Kg2 Qe7 
109. Rf2 Rexe4 110. Rf6 Rxh6 111. gxh6 Re6 112. Rxe6 Qxe6 113. Qd4+ Qe5 1-0

[Event "Friday 06 April Rapid Engine Tour 12+1 Rounds 9 Starts 1600ST"]
[Site "Infinity Chess"]
[Date "2018.4.6"]
[Round "1"]
[White "Nigi"]
[Black "Marsell"]
[Result "1/2-1/2"]
[ECO "C77"]
[WhiteElo "2387"]
[BlackElo "2470"]
[WhiteEngine "stockfish_18022813_x64_bmi2"]
[BlackEngine "asmFishW_2018-04-02_bmi2"]
[EventType "Swiss"]
[WhiteTeam ""]
[BlackTeam ""]
[PlyCount "85"]
[TimeControl "720+1"]

1. e4 e5 2. Nf3 Nc6 3. Bb5 a6 4. Ba4 Nf6 5. O-O Be7 6. Re1 b5 7. Bb3 O-O 
8. h3 Bb7 9. d3 d5 10. exd5 Nxd5 11. Nxe5 Nd4 12. Nc3 Nb4 13. Ne4 Nxb3 
14. axb3 Qd5 15. Nf3 f5 16. Ng3 Qd7 17. Bf4 Bf6 18. Be5 Bxf3 19. Qxf3 Nxc2 
20. Bxf6 Nxe1 21. Rxe1 gxf6 22. Nxf5 Rae8 23. Ra1 Re5 24. g4 Rd8 25. Nh6+ Kg7 
26. Rxa6 Re6 27. Nf5+ Kg8 28. Rxe6 Qxe6 29. b4 h5 30. gxh5 Kh7 31. Qf4 Qe1+ 
32. Kg2 Rg8+ 33. Ng3 Qe5 34. Qf3 f5 35. Kh2 Rd8 36. Qc6 Rxd3 37. Qg6+ Kh8 
38. Qh6+ Kg8 39. Qg5+ Kh7 40. Qg6+ Kh8 41. Qh6+ Kg8 42. Qg5+ Kh7 43. Qg6+ 
1/2-1/2

[Event "Friday 06 April Rapid Engine Tour 12+1 Rounds 9 Starts 1600ST"]
[Site "Infinity Chess"]
[Date "2018.4.6"]
[Round "1"]
[White "Vimtiroba"]
[Black "Deep_Impact"]
[Result "1/2-1/2"]
[ECO "C44"]
[WhiteElo "2396"]
[BlackElo "2476"]
[WhiteEngine "SF9 ''M28''_CTG"]
[BlackEngine "BrainFish_180404_x64_bmi2"]
[EventType "Swiss"]
[WhiteTeam ""]
[BlackTeam ""]
[PlyCount "96"]
[TimeControl "720+1"]

1. e4 e5 2. Nf3 Nc6 3. h3 Nf6 4. Nc3 Bb4 5. Bb5 O-O 6. O-O Bxc3 7. dxc3 d6 
8. Re1 Ne7 9. Bd3 Ng6 10. Nh2 Be6 11. Nf1 Nd7 12. a4 a5 13. Ng3 Qf6 14. Nh5 Qh4 
15. Qf3 Ne7 16. Ng3 Nc5 17. Be3 b6 18. b4 Nd7 19. Bd2 g6 20. Qe3 f5 21. Qg5 Qxg5 
22. Bxg5 Rae8 23. f4 Kg7 24. bxa5 bxa5 25. Rab1 fxe4 26. Nxe4 d5 27. Nd2 e4 
28. Bb5 c6 29. Bxe7 Rxe7 30. Bxc6 Rc8 31. Bxd7 Bxd7 32. c4 d4 33. Rxe4 Rxe4 
34. Nxe4 Bxa4 35. Rb7+ Kf8 36. Ra7 Bxc2 37. Nf6 Rxc4 38. Nxh7+ Ke8 39. Nf6+ Kd8 
40. Rxa5 d3 41. Rd5+ Ke7 42. Ng4 Rxf4 43. Ne5 Ke6 44. Nxd3 Re4 45. Rd8 Ke7 
46. Rd5 Ke6 47. Rd8 Ke7 48. Rd5 Ke6 1/2-1/2

[Event "Friday 06 April Rapid Engine Tour 12+1 Rounds 9 Starts 1600ST"]
[Site "Infinity Chess"]
[Date "2018.4.6"]
[Round "1"]
[White "RonWeasley"]
[Black "star99"]
[Result "1/2-1/2"]
[ECO "E20"]
[WhiteElo "2477"]
[BlackElo "2399"]
[WhiteEngine "BrainFish 010418 WM_CTG"]
[BlackEngine "Cryptic Heroes 9.3B"]
[EventType "Swiss"]
[WhiteTeam ""]
[BlackTeam ""]
[PlyCount "117"]
[TimeControl "720+1"]

1. d4 Nf6 2. c4 e6 3. Nc3 d5 4. Nf3 Bb4 5. cxd5 exd5 6. Bg5 h6 7. Bxf6 Qxf6 
8. Qa4+ Nc6 9. e3 O-O 10. Be2 Rd8 11. O-O Bf8 12. a3 Ne7 13. Qc2 Bf5 
14. Bd3 Bxd3 15. Qxd3 c6 16. Rfe1 Qf5 17. Qb1 Rac8 18. Qxf5 Nxf5 19. h4 a5 
20. h5 Nd6 21. g3 Ne4 22. Kg2 Nxc3 23. bxc3 a4 24. Kf1 b5 25. Ke2 Bd6 
26. Kd3 Re8 27. Nh4 Re6 28. f4 Rce8 29. Kd2 Rf6 30. Nf3 Kf8 31. Ne5 Bxe5 
32. dxe5 Rfe6 33. e4 Rd8 34. Kc2 dxe4 35. Rxe4 f6 36. c4 fxe5 37. fxe5 bxc4 
38. Rf1+ Ke7 39. Rf3 Rd5 40. Rfe3 g6 41. hxg6 Rxg6 42. Rxc4 Re6 43. Rce4 h5 
44. Rxa4 Rexe5 45. Rae4 Rxe4 46. Rxe4+ Kd6 47. a4 Rg5 48. Rd4+ Kc5 49. Rd3 Kc4 
50. Re3 Kc5 51. Kb3 Kd5 52. Kc2 Kc5 53. a5 Kb5 54. Re6 Rc5+ 55. Kd3 Kxa5 
56. g4 hxg4 57. Rg6 g3 58. Rxg3 Kb4 59. Rg1 1/2-1/2

[Event "Friday 06 April Rapid Engine Tour 12+1 Rounds 9 Starts 1600ST"]
[Site "Infinity Chess"]
[Date "2018.4.6"]
[Round "1"]
[White "KQRBNP"]
[Black "THE_MACHINE"]
[Result "1/2-1/2"]
[ECO "C65"]
[WhiteElo "2406"]
[BlackElo "2483"]
[WhiteEngine "Eman 1.70-beta17 64-bit POPCNT"]
[BlackEngine "BrainFish_180404_x64_bmi2"]
[EventType "Swiss"]
[WhiteTeam ""]
[BlackTeam ""]
[PlyCount "183"]
[TimeControl "720+1"]

1. e4 e5 2. Nf3 Nc6 3. Bb5 Nf6 4. d3 Bc5 5. Bxc6 dxc6 6. O-O Nd7 7. c3 O-O 
8. d4 Bd6 9. Bg5 Qe8 10. Re1 f6 11. Bh4 a5 12. Bg3 Qf7 13. Nbd2 Re8 14. Qc2 exd4 
15. cxd4 Nb6 16. a3 Bxg3 17. hxg3 a4 18. Rac1 Be6 19. Qc3 Rad8 20. Qe3 h6 
21. Rc5 Qd7 22. Qc3 Rc8 23. Rh5 Bf7 24. Rh4 Rcd8 25. Nf1 Nc4 26. Ne3 Nxe3 
27. Rxe3 Be6 28. Re1 Bb3 29. Rf4 Rf8 30. Rh4 Rfe8 31. Rf4 Be6 32. Rc1 Kh7 
33. Qc2 Bb3 34. Qd3 Kg8 35. Qc3 Be6 36. Rh4 Bb3 37. Qb4 b6 38. Qc3 Re6 
39. Rf4 Qe7 40. Nd2 Kh7 41. Re1 c5 42. Nxb3 axb3 43. dxc5 Qxc5 44. Qxb3 Re7 
45. Qe3 Qc2 46. Qc1 Rd2 47. Qxc2 Rxc2 48. b3 Kg6 49. Re3 c5 50. a4 Rb2 
51. g4 Rd7 52. g3 Rd4 53. Kg2 Kh7 54. Rf5 Rdd2 55. Rff3 Rd4 56. Kh3 Rdd2 
57. Kg2 Rd4 58. a5 bxa5 59. e5 fxe5 60. Rxe5 Rxg4 61. Rxc5 Rb4 62. Rf7 R2xb3 
63. Rxa5 Rb7 64. Rxb7 Rxb7 65. Kf3 Rb3+ 66. Ke4 Kg6 67. Ra6+ Kf7 68. Ra7+ Kf6 
69. Ra6+ Kg5 70. f3 Rb4+ 71. Kd5 Rb5+ 72. Kc4 Rb8 73. Ra7 Kf6 74. g4 Kg6 
75. Kd5 Rd8+ 76. Ke5 Re8+ 77. Kd4 h5 78. Ra6+ Kg5 79. Ra5+ Kf4 80. Rf5+ Kg3 
81. gxh5 Rd8+ 82. Kc3 Re8 83. Kc4 Re7 84. Kc3 Re1 85. Kd2 Re6 86. Rf7 Rd6+ 
87. Ke3 Re6+ 88. Kd4 Re8 89. Kd5 Rd8+ 90. Kc5 Rb8 91. Rc7 Kxf3 92. Rxg7 1/2-1/2

[Event "Friday 06 April Rapid Engine Tour 12+1 Rounds 9 Starts 1600ST"]
[Site "Infinity Chess"]
[Date "2018.4.6"]
[Round "1"]
[White "Eman"]
[Black "Thinker"]
[Result "1/2-1/2 "]
[ECO "D02"]
[WhiteElo "2491"]
[BlackElo "2425"]
[WhiteEngine "Eman 1.70-beta17 64-bit POPCNT"]
[BlackEngine "BrainFish_180404_x64_modern_CTG"]
[EventType "Swiss"]
[WhiteTeam ""]
[BlackTeam ""]
[PlyCount "212"]
[TimeControl "720+1"]

1. d4 d5 2. Nf3 Nf6 3. c4 e6 4. Nc3 Be7 5. Bf4 O-O 6. e3 Nbd7 7. a3 c5 
8. cxd5 Nxd5 9. Nxd5 exd5 10. dxc5 Nxc5 11. Be5 Bf5 12. Be2 Rc8 13. O-O Ne6 
14. Rc1 Rxc1 15. Qxc1 Qd7 16. Qd2 Rc8 17. Rc1 Rxc1+ 18. Qxc1 Be4 19. b4 b6 
20. Qc3 Qa4 21. Nd4 Nxd4 22. Qc8+ Bf8 23. exd4 Qc2 24. Qxc2 Bxc2 25. Ba6 g6 
26. Kf1 Bg7 27. Ke2 Bxe5 28. dxe5 d4 29. Kd2 Bb1 30. Bd3 Ba2 31. Bb5 Bb1 
32. Bd3 Ba2 33. Be2 Bb1 34. f4 f6 35. Bd3 Ba2 36. exf6 Kf7 37. Be2 Bb1 
38. Bd3 Ba2 39. g4 Kxf6 40. h4 Bd5 41. Ke2 Bc6 42. Kf2 Bd7 43. Kf3 Bc6+ 
44. Ke2 Bd5 45. Kf2 Kf7 46. Kg3 Be6 47. g5 a5 48. Bb5 axb4 49. axb4 Bf5 
50. Bc4+ Be6 51. Bf1 Bb3 52. Kf3 Bc2 53. Bc4+ Kf8 54. Ke2 Bf5 55. Bb5 Ke7 
56. Bd3 Ke6 57. Bc4+ Ke7 58. Ba2 Be6 59. Bb1 Kf7 60. Kd2 Kg7 61. Be4 Bc4 
62. Bc2 Ba6 63. Ke1 Bc4 64. Bd1 Be6 65. Be2 Bf5 66. Kd2 Be4 67. Bd3 Bd5 
68. Bc2 Be6 69. Bd3 Bd5 70. Bf1 Be4 71. Ba6 Bf5 72. Bd3 Bc8 73. Be4 Ba6 
74. Bg2 Bc4 75. Bf3 Bb5 76. Bd1 Ba6 77. Bb3 Bb5 78. Bd5 Kh8 79. Bh1 Kg7 
80. Be4 Bc4 81. Bc6 Bf1 82. Bd5 Bb5 83. Bg2 Ba6 84. Bh1 Bb5 85. Bg2 Kf7 
86. Bf3 Kg7 87. Ba8 Bc4 88. Bg2 Bb5 89. Bf3 Ba6 90. Bg4 Bb5 91. Be2 Bc6 
92. Bd1 Bb5 93. Bf3 Ba6 94. Bd5 Bb5 95. Bb7 Bf1 96. Bc6 Bc4 97. Bd7 Bf1 
98. Bc8 Bc4 99. f5 gxf5 100. Bxf5 Bb5 101. Ke1 Be8 102. Kd2 Bb5 103. Be4 Bc4 
104. Ke1 Bf7 105. Ke2 Bg6 106. Kf3 Bxe4+ 1/2-1/2

[Event "Friday 06 April Rapid Engine Tour 12+1 Rounds 9 Starts 1600ST"]
[Site "Infinity Chess"]
[Date "2018.4.6"]
[Round "1"]
[White "fati64"]
[Black "MarioDeMonti"]
[Result "1/2-1/2"]
[ECO "C55"]
[WhiteElo "2429"]
[BlackElo "2492"]
[WhiteEngine "BrainFish_180404_x64"]
[BlackEngine "stockfish_x64_bmi2_2018_02_18_CTG"]
[EventType "Swiss"]
[WhiteTeam ""]
[BlackTeam ""]
[PlyCount "88"]
[TimeControl "720+1"]

1. e4 e5 2. Nf3 Nc6 3. Bc4 Nf6 4. d3 Bc5 5. O-O d6 6. c3 O-O 7. Bg5 h6 8. Bh4 a6 
9. a4 g5 10. Bg3 Bg4 11. Nbd2 Nh5 12. Kh1 Ba7 13. h3 Bd7 14. Nh2 Nf4 15. b4 Rb8 
16. Ndf3 Qf6 17. Bxf4 Qxf4 18. Ng1 Qf6 19. Ne2 Ne7 20. d4 Kh8 21. Rc1 Rbd8 
22. Bb3 c6 23. Ng4 Bxg4 24. hxg4 d5 25. exd5 Nxd5 26. Bxd5 Rxd5 27. c4 Rd7 
28. d5 cxd5 29. cxd5 e4 30. Ng3 Qe5 31. Qe2 Rxd5 32. Rfd1 Rxd1+ 33. Rxd1 e3 
34. Nf5 Bb8 35. g3 exf2 36. Qxf2 Qe4+ 37. Kg1 Qxb4 38. Nxh6 Qxa4 39. Qf6+ Kh7 
40. Qf5+ Kxh6 41. Qf6+ Kh7 42. Qf5+ Kh6 43. Qf6+ Kh7 44. Qf5+ Kh6 1/2-1/2

[Event "Friday 06 April Rapid Engine Tour 12+1 Rounds 9 Starts 1600ST"]
[Site "Infinity Chess"]
[Date "2018.4.6"]
[Round "1"]
[White "MCDermont"]
[Black "KhalidOmar"]
[Result "1/2-1/2"]
[ECO "E32"]
[WhiteElo "2496"]
[BlackElo "2431"]
[WhiteEngine "BrainFish 010418 WM_CTG"]
[BlackEngine "Eman 1.70-beta17 64-bit BMI2"]
[EventType "Swiss"]
[WhiteTeam ""]
[BlackTeam ""]
[PlyCount "109"]
[TimeControl "720+1"]

1. d4 Nf6 2. c4 e6 3. Nc3 Bb4 4. Qc2 O-O 5. e4 d5 6. e5 Ne4 7. Bd3 c5 
8. Nf3 cxd4 9. Nxd4 Nd7 10. Bf4 Qh4 11. g3 Qh5 12. O-O g5 13. cxd5 Bxc3 
14. bxc3 exd5 15. Bxe4 dxe4 16. e6 gxf4 17. exd7 Bxd7 18. Qxe4 fxg3 19. fxg3 Bh3 
20. Rf3 Rfe8 21. Qxb7 Rab8 22. Qc6 Qg5 23. Rf2 Rbc8 24. Qf3 Re7 25. Nc6 Rec7 
26. Re1 Bg4 27. Qf4 Qxf4 28. Rxf4 Be6 29. Nd4 Bxa2 30. Ra1 Bc4 31. Nf5 Rb8 
32. Rg4+ Kh8 33. Nd6 Be6 34. Rb4 Ra8 35. Rb7 Rxb7 36. Nxb7 Rc8 37. Ra3 Kg7 
38. Kf2 Rc6 39. Nd8 Rc7 40. Nxe6+ fxe6 41. Ke3 Kf6 42. c4 Rxc4 43. Rxa7 h6 
44. h3 Rc3+ 45. Kf4 Rb3 46. g4 Rb6 47. h4 Rb4+ 48. Kg3 Rc4 49. Ra3 e5 
50. Ra6+ Kg7 51. g5 hxg5 52. hxg5 Rc5 53. Rf6 Kh7 54. Kg4 Kg8 55. Kf5 1/2-1/2

[Event "Friday 06 April Rapid Engine Tour 12+1 Rounds 9 Starts 1600ST"]
[Site "Infinity Chess"]
[Date "2018.4.6"]
[Round "1"]
[White "Prometheus"]
[Black "Brtroy"]
[Result "1/2-1/2"]
[ECO "C77"]
[WhiteElo "2435"]
[BlackElo "2505"]
[WhiteEngine "Eman 1.70-beta15 64-bit BMI2"]
[BlackEngine "Stockfish_18040400_x64_bmi2_CTG"]
[EventType "Swiss"]
[WhiteTeam ""]
[BlackTeam ""]
[PlyCount "164"]
[TimeControl "720+1"]

1. e4 e5 2. Nf3 Nc6 3. Bb5 a6 4. Ba4 Nf6 5. O-O Be7 6. Re1 b5 7. Bb3 O-O 
8. h3 Bb7 9. d3 d6 10. a3 Na5 11. Ba2 c5 12. Nbd2 Nc6 13. Nf1 Bc8 14. c3 a5 
15. a4 b4 16. Ne3 h6 17. Nd2 Be6 18. Bd5 Bd7 19. Bc4 Be6 20. Bd5 Bd7 21. Bc4 Be6 
22. Nd5 Ne8 23. Nb3 Bg5 24. Bxg5 Qxg5 25. Qd2 Ra7 26. Qxg5 hxg5 27. Nd2 Nf6 
28. Ne3 Bxc4 29. Nexc4 Rd8 30. Nf3 g4 31. hxg4 Nxg4 32. Kf1 g6 33. Ke2 d5 
34. exd5 Rxd5 35. Nb6 Rd8 36. Ng5 Nf6 37. g3 Nd5 38. Nxd5 Rxd5 39. Rh1 Rad7 
40. Ne4 Kg7 41. Rad1 Ra7 42. Ng5 Kf6 43. Ne4+ Kg7 44. Nd2 Rad7 45. Nc4 Rd8 
46. g4 Re8 47. Rh3 Rdd8 48. Re3 f6 49. Rh1 Rh8 50. Rxh8 Rxh8 51. g5 Rh1 
52. gxf6+ Kxf6 53. Rf3+ Kg7 54. Nd6 Nd8 55. Re3 Nc6 56. Nc4 Kf6 57. Rf3+ Kg7 
58. Nd6 Nd8 59. Re3 Nc6 60. Kd2 Ra1 61. Rf3 Nd8 62. Re3 Nc6 63. Rf3 Nd8 
64. Ne8+ Kh6 65. Nc7 Kg7 66. Ne8+ Kh6 67. Nc7 Kg7 68. Re3 Kf6 69. Ne8+ Ke6 
70. f4 Nc6 71. fxe5 bxc3+ 72. bxc3 Ne7 73. Nc7+ Kd7 74. Nb5 Ra2+ 75. Kc1 Ke6 
76. Nc7+ Kd7 77. Na6 Kc6 78. Re4 Kb6 79. Nb8 Kc7 80. Na6+ Kb6 81. Nb8 Kc7 
82. Na6+ Kb6 1/2-1/2

[Event "Friday 06 April Rapid Engine Tour 12+1 Rounds 9 Starts 1600ST"]
[Site "Infinity Chess"]
[Date "2018.4.6"]
[Round "1"]
[White "Murx"]
[Black "CrapCleaner"]
[Result "1/2-1/2"]
[ECO "D31"]
[WhiteElo "2522"]
[BlackElo "2439"]
[WhiteEngine "BrainFish_180404_x64_bmi2"]
[BlackEngine "Houdini 6.03 Standard_CTG"]
[EventType "Swiss"]
[WhiteTeam ""]
[BlackTeam ""]
[PlyCount "77"]
[TimeControl "720+1"]

1. d4 d5 2. c4 e6 3. Nc3 c6 4. e4 dxe4 5. Nxe4 Bb4+ 6. Bd2 Qxd4 7. Bxb4 Qxe4+ 
8. Be2 Na6 9. Ba5 b6 10. Qd6 Bd7 11. Bc3 f6 12. Nf3 Nh6 13. Rd1 Rd8 14. Qa3 Bc8 
15. Nd2 Qf4 16. Bh5+ Nf7 17. O-O c5 18. Qa4+ Ke7 19. Rfe1 Ng5 20. Re3 Rd6 
21. Rde1 Rhd8 22. Nf3 Kf8 23. a3 Nf7 24. h3 Rd3 25. Rxd3 Rxd3 26. Qc2 Qxc4 
27. Nd2 Qd5 28. Be2 Bb7 29. f3 Rd4 30. Bxd4 Qxd4+ 31. Kh1 Nc7 32. Bf1 Nd6 
33. b4 Nf5 34. bxc5 Ng3+ 35. Kh2 Qf4 36. Kg1 Qd4+ 37. Kh2 Qf4 38. Kg1 Qd4+ 
39. Kh2 1/2-1/2

[Event "Friday 06 April Rapid Engine Tour 12+1 Rounds 9 Starts 1600ST"]
[Site "Infinity Chess"]
[Date "2018.4.6"]
[Round "1"]
[White "MGR"]
[Black "Demoralisator"]
[Result "1/2-1/2"]
[ECO "D02"]
[WhiteElo "2459"]
[BlackElo "2559"]
[WhiteEngine "asmFishW_2018-04-02_bmi2"]
[BlackEngine "Raubfisch X36b_CTG"]
[EventType "Swiss"]
[WhiteTeam ""]
[BlackTeam ""]
[PlyCount "122"]
[TimeControl "720+1"]

1. d4 d5 2. Nf3 Nf6 3. c4 e6 4. Nc3 c6 5. Bg5 h6 6. Bxf6 Qxf6 7. e3 Nd7 
8. Bd3 dxc4 9. Bxc4 g6 10. Qc2 Bg7 11. O-O O-O 12. Bb3 Qe7 13. Ne4 e5 
14. Ng3 Kh8 15. Rad1 a5 16. Rfe1 Kh7 17. h4 Nb6 18. Nxe5 Bxe5 19. dxe5 a4 
20. Bc4 Qxe5 21. b3 Nxc4 22. bxc4 Kg8 23. Rd4 Be6 24. h5 g5 25. c5 a3 
26. Red1 Rfe8 27. Qc3 Bd5 28. R1d3 f5 29. Qb4 f4 30. Nf1 Bxa2 31. Rxa3 Rxa3 
32. Qxa3 Bf7 33. Rd6 Re7 34. Rxh6 Kg7 35. Rd6 Bxh5 36. exf4 gxf4 37. Rd8 Bf7 
38. Qh3 Qh5 39. Qc3+ Qe5 40. Qc2 Be6 41. Qd2 Bd5 42. Qd3 Kf6 43. Qh3 Rg7 
44. Qh8 Kf7 45. Rf8+ Kg6 46. Qh3 Be6 47. Qd3+ Bf5 48. Qd8 Rh7 49. Rg8+ Kf7 
50. Qf8+ Ke6 51. Qe8+ Kd5 52. Qd8+ Rd7 53. Qa5 Kc4 54. Rf8 b5 55. Nd2+ Kxc5 
56. Qa3+ Kb6 57. Ra8 f3 58. Qa5+ Kc5 59. Qa3+ Kb6 60. Qa6+ Kc5 61. Qa3+ Kb6 
1/2-1/2

[Event "Friday 06 April Rapid Engine Tour 12+1 Rounds 9 Starts 1600ST"]
[Site "Infinity Chess"]
[Date "2018.4.6"]
[Round "1"]
[White "xeonrocks"]
[Black "Macho"]
[Result "1/2-1/2"]
[ECO "C50"]
[WhiteElo "2585"]
[BlackElo "2462"]
[WhiteEngine "Stockfish_x64_bmi2_CTG"]
[BlackEngine "asmFishW_2018-04-01_popcnt_CTG"]
[EventType "Swiss"]
[WhiteTeam ""]
[BlackTeam ""]
[PlyCount "87"]
[TimeControl "720+1"]

1. e4 e5 2. Nf3 Nc6 3. Bc4 Bc5 4. d3 Nf6 5. O-O d6 6. c3 a5 7. Re1 Ba7 
8. Nbd2 O-O 9. h3 Be6 10. b3 h6 11. a4 Re8 12. Ra2 d5 13. Bb5 Nd7 14. Ba3 d4 
15. Bxc6 bxc6 16. cxd4 exd4 17. Rf1 Qf6 18. Ne1 Qh4 19. Nc4 Bc5 20. Nf3 Qf6 
21. Nfe5 Bxa3 22. Nxd7 Bxd7 23. Rxa3 Qg6 24. Kh1 f5 25. Nd2 c5 26. Qc1 fxe4 
27. dxe4 Qh5 28. Kh2 Bc8 29. f4 Bb7 30. e5 Kh8 31. Qe1 Qf5 32. Ra2 Bd5 
33. Qc1 Ra6 34. Qc2 Qxc2 35. Rxc2 Rc6 36. Rfc1 g5 37. Rxc5 Rxc5 38. Rxc5 c6 
39. Nf3 d3 40. Kg3 gxf4+ 41. Kxf4 Rxe5 42. Kxe5 Bxf3 43. Rxa5 d2 44. Kf6 1/2-1/2

[Event "Friday 13 April Rapid ET, 12+2, 7 rds, 16.00 ST"]
[Site "Infinity Chess"]
[Date "2018.4.13"]
[Round "7"]
[White "OlivierEvan"]
[Black "star99"]
[Result "1/2-1/2 "]
[ECO "A06"]
[WhiteElo "2394"]
[BlackElo "2391"]
[WhiteEngine "Houdini 6"]
[BlackEngine "Cryptic Heroes 9.4B"]
[EventType "Swiss"]
[WhiteTeam ""]
[BlackTeam ""]
[PlyCount "105"]
[TimeControl "720+2"]

1. Nf3 d5 2. d4 Bf5 3. c4 e6 4. Nc3 Nc6 5. cxd5 exd5 6. Bf4 Bb4 7. e3 Nf6 
8. Rc1 O-O 9. Be2 Ne4 10. O-O Bxc3 11. bxc3 Na5 12. h3 Rc8 13. g4 Be6 14. Nd2 f5 
15. f3 Nxd2 16. Qxd2 c5 17. g5 Nc4 18. Bxc4 dxc4 19. Rcd1 Qe7 20. d5 Rcd8 
21. d6 Qf7 22. a4 b6 23. Kf2 Qe8 24. Ra1 Rd7 25. h4 Rb7 26. Ra2 Qh5 27. Kg3 Rd8 
28. Qd1 a6 29. Qb1 Qe8 30. Re1 b5 31. axb5 axb5 32. Qa1 b4 33. e4 Qf7 
34. Ra8 Rbb8 35. Ra7 Rd7 36. Rxd7 Bxd7 37. e5 Be6 38. h5 Qxh5 39. Qa7 Rd8 
40. Qb6 Ra8 41. Ra1 Qe8 42. Rxa8 Qxa8 43. cxb4 cxb4 44. Qxb4 Kf7 45. Qc3 Qd5 
46. Be3 Qd1 47. Qd4 Qxd4 48. Bxd4 Bd7 49. Kf4 Ke6 50. Bb2 Kd5 51. Bc3 Ke6 
52. Bd4 Bb5 53. Bb2 1/2-1/2

[Event "Friday 13 April Rapid ET, 12+2, 7 rds, 16.00 ST"]
[Site "Infinity Chess"]
[Date "2018.4.13"]
[Round "7"]
[White "Deep_Impact"]
[Black "Katzenmaier"]
[Result "0-1 "]
[ECO "D30"]
[WhiteElo "2394"]
[BlackElo "2481"]
[WhiteEngine "BrainFish_180323_x64_bmi2"]
[BlackEngine "Raubfisch X36b"]
[EventType "Swiss"]
[WhiteTeam ""]
[BlackTeam ""]
[PlyCount "26"]
[TimeControl "720+2"]

1. d4 d5 2. c4 e6 3. Nf3 Nf6 4. Nc3 Be7 5. Bf4 O-O 6. e3 Nbd7 7. c5 Nh5 
8. Bd3 Nxf4 9. exf4 b6 10. b4 a5 11. a3 c6 12. O-O Ba6 13. g3 Bxd3 0-1

[Event "Friday 13 April Rapid ET, 12+2, 7 rds, 16.00 ST"]
[Site "Infinity Chess"]
[Date "2018.4.13"]
[Round "7"]
[White "angriff"]
[Black "Vimtiroba"]
[Result "1/2-1/2 "]
[ECO "C53"]
[WhiteElo "2386"]
[BlackElo "2410"]
[WhiteEngine "DracoREX 3.07 64BIT POPCNT_CTG"]
[BlackEngine "SF9 ''A5''_CTG"]
[EventType "Swiss"]
[WhiteTeam ""]
[BlackTeam ""]
[PlyCount "101"]
[TimeControl "720+2"]

1. e4 e5 2. Nf3 Nc6 3. Bc4 Bc5 4. c3 Nf6 5. d3 a5 6. O-O d6 7. Bg5 O-O 8. a4 h6 
9. Bh4 g5 10. Bg3 Ba7 11. Na3 Kg7 12. Bb3 Qe7 13. Nc4 Be6 14. Re1 Rad8 
15. Ne3 Qd7 16. Bc2 Bxe3 17. Rxe3 Bg4 18. d4 Rfe8 19. d5 Ne7 20. Qd2 Bh5 
21. c4 b6 22. h3 Bxf3 23. Rxf3 Ra8 24. Rfa3 Ng6 25. b4 axb4 26. Qxb4 h5 
27. f3 h4 28. Be1 Rh8 29. a5 Rxa5 30. Rxa5 bxa5 31. Qb7 Nf4 32. Ba4 Qc8 
33. Qxc8 Rxc8 34. Bb5 Rb8 35. Bxa5 Rb7 36. Bd2 N6h5 37. Be3 f5 38. Ra7 Rxa7 
39. Bxa7 fxe4 40. fxe4 Ng3 41. Bb8 Nxe4 42. Bxc7 Kf6 43. Bd8+ Kf5 44. Bd7+ Kg6 
45. Be8+ Kf5 46. Bd7+ Kg6 47. Ba4 Ne2+ 48. Kf1 Nd4 49. Kg1 Kf5 50. Bc7 Kf4 
51. Bd1 1/2-1/2

[Event "Friday 13 April Rapid ET, 12+2, 7 rds, 16.00 ST"]
[Site "Infinity Chess"]
[Date "2018.4.13"]
[Round "7"]
[White "ocirema"]
[Black "Time_bandit"]
[Result "1/2-1/2"]
[ECO "D02"]
[WhiteElo "2419"]
[BlackElo "2455"]
[WhiteEngine "asmFishW_2018-04-08_popcnt_CTG"]
[BlackEngine "asmFishW_2018-02-02_popcnt"]
[EventType "Swiss"]
[WhiteTeam ""]
[BlackTeam ""]
[PlyCount "86"]
[TimeControl "720+2"]

1. d4 d5 2. Nf3 Nf6 3. c4 e6 4. Nc3 c6 5. e3 Nbd7 6. Qc2 Bd6 7. Bd3 O-O 
8. O-O dxc4 9. Bxc4 b5 10. Be2 Bb7 11. Rd1 Qc7 12. e4 e5 13. dxe5 Nxe5 
14. Nd4 Neg4 15. Bxg4 Bxh2+ 16. Kf1 Nxg4 17. g3 b4 18. Nd5 Qd7 19. Nxc6 Kh8 
20. Nde7 Qe8 21. Bf4 f5 22. exf5 Bxc6 23. Nxc6 Qh5 24. Kg2 Rxf5 25. Qe4 Bxg3 
26. fxg3 Qh2+ 27. Kf3 h5 28. Qe2 Qxe2+ 29. Kxe2 Re8+ 30. Kf3 g5 31. Re1 Rxe1 
32. Rxe1 gxf4 33. Re8+ Kg7 34. gxf4 a5 35. Re7+ Kg6 36. Rc7 Kf6 37. Nd4 Rd5 
38. Ke4 Rd6 39. Rc5 Nf2+ 40. Ke3 Nd1+ 41. Ke4 Nf2+ 42. Ke3 Ng4+ 43. Ke4 Nf2+ 
1/2-1/2

[Event "Friday 13 April Rapid ET, 12+2, 7 rds, 16.00 ST"]
[Site "Infinity Chess"]
[Date "2018.4.13"]
[Round "7"]
[White "RonWeasley"]
[Black "KQRBNP"]
[Result "1/2-1/2 "]
[ECO "E32"]
[WhiteElo "2474"]
[BlackElo "2402"]
[WhiteEngine "BrainFish 090218_CTG"]
[BlackEngine "Eman 1.70-beta20 64-bit POPCNT"]
[EventType "Swiss"]
[WhiteTeam ""]
[BlackTeam ""]
[PlyCount "125"]
[TimeControl "720+2"]

1. d4 Nf6 2. c4 e6 3. Nc3 Bb4 4. Qc2 O-O 5. e4 d5 6. e5 Ne4 7. Bd3 c5 
8. Nf3 cxd4 9. Nxd4 Nd7 10. Bf4 Qh4 11. g3 Qh5 12. O-O g5 13. cxd5 Bxc3 
14. bxc3 exd5 15. Bxe4 dxe4 16. e6 gxf4 17. exd7 Bxd7 18. Qxe4 fxg3 19. fxg3 b6 
20. Nf5 Rae8 21. Ne7+ Kg7 22. Qd4+ f6 23. Rae1 Bh3 24. Rf4 Rd8 25. Rh4 Qf3 
26. Qe4 Qxe4 27. Rexe4 Bc8 28. Nxc8 Rd1+ 29. Kf2 Rxc8 30. Re7+ Kg6 
31. Rhxh7 Rxc3 32. Rhg7+ Kh5 33. Re2 Ra3 34. Kg2 Ra1 35. Re8 R3xa2+ 36. Kh3 Kh6 
37. Rg4 Kh7 38. Re7+ Kh6 39. Rh4+ Kg5 40. Rg4+ Kh6 41. Rf4 Kg5 42. Rg7+ Kh6 
43. Rf7 Rc1 44. R7xf6+ Kh7 45. g4 Rc3+ 46. Rf3 Rcc2 47. Rf7+ Kg6 48. R3f6+ Kg5 
49. Rf5+ Kh6 50. Rf3 Rxh2+ 51. Kg3 Rhg2+ 52. Kh4 Rh2+ 53. Kg3 b5 54. R3f6+ Kg5 
55. Rf5+ Kg6 56. R5f6+ Kg5 57. Rf5+ Kh6 58. g5+ Kg6 59. R7f6+ Kh7 60. Rxb5 Rag2+ 
61. Kf4 Rf2+ 62. Ke3 Rxf6 63. gxf6 1/2-1/2